 Dungeon Crawl Stone Soup version 0.28.0-53-g5a82cb258f (webtiles) character file.

Game seed: 6679586793872148539

8465 Rsteiner the Tainter (level 11, -4/95 HPs)
             Began as a Naga Venom Mage on June 25, 2022.
             Was a Believer of Hepliaklqana.
             Slain by an acid dragon (7 damage)
             ... on level 9 of the Dungeon.
             The game lasted 00:38:36 (10711 turns).

Rsteiner the Tainter (Naga Venom Mage)             Turns: 10711, Time: 00:38:39

Health: -4/95      AC: 19    Str: 13    XL:     11   Next: 31%
Magic:  24/24      EV:  9    Int: 18    God:    Hepliaklqana [**....]
Gold:   437        SH:  0    Dex: 11    Spells: 5/16 levels left

rFire   . . .      SeeInvis +   x - +9 spear
rCold   + . .      Faith    .   (no shield)
rNeg    . . .      Spirit   .   C - +4 scale mail {rC+}
rPois   +          Reflect  .   (no helmet)
rElec   .          Harm     .   z - +0 cloak
rCorr   .          Rampage  .   y - +1 pair of gloves
Will    +....      Clarity  +   (no barding)
Stlth   +.........              (no amulet)
HPRegen 0.25/turn               g - ring of magical power
MPRegen 0.19/turn               s - +4 ring of protection

@: slowed, very slow
A: reduced essence, AC +3, large, see invisible, deformed body, poison
resistance, slowness 2, spit poison 2, naga tail 1, clarity
a: Breathe Poison Gas, Renounce Religion, Recall Ancestor, Ancestor Identity


You were on level 9 of the Dungeon.
You worshipped Hepliaklqana.
Hepliaklqana was pleased with you.
You visited 2 branches of the dungeon, and saw 10 of its levels.
You also visited: Sewer.

You collected 485 gold pieces.
You spent 48 gold pieces at shops.

Inventory:

Hand Weapons
 f - a +0 whip of venom
 k - the +5 short sword "Deso" {vorpal, rPois rCorr Stlth+}
   (You found it on level 4 of the Dungeon)

   It inflicts extra damage upon your enemies.
   rPois:     It protects you from poison.
   rCorr:     It protects you from acid and corrosion.
   Stlth:     It makes you more stealthy.
 o - a +2 spectral club
 w - a +2 dagger of holy wrath
 x - a +9 spear (weapon)
Missiles
 b - a throwing net
 h - 11 boomerangs (quivered)
 v - 9 poisoned darts
 A - 4 javelins
Armour
 a - a +1 robe
 y - a +1 pair of gloves (worn)
 z - a +0 cloak (worn)
 C - a +4 scale mail of cold resistance (worn)
Magical Staves
 n - a staff of fire
Jewellery
 g - a ring of magical power (left hand)
 j - an amulet of guardian spirit
 m - a +6 ring of strength
 q - a ring of magical power
 s - a +4 ring of protection (right hand)
 E - a ring of protection from cold
Wands
 l - a wand of iceblast (9)
 p - a wand of polymorph (4)
 t - a wand of flame (29)
Scrolls
 c - 3 scrolls of torment
 i - 3 scrolls of identify
 u - 2 scrolls of blinking
 B - a scroll of vulnerability
 F - 2 scrolls of fear
 G - a scroll of enchant weapon
Potions
 d - 3 potions of flight


   Skills:
 - Level 9.0 Fighting
 + Level 4.5 Armour
 - Level 8.0 Dodging
 - Level 3.0 Stealth
 - Level 3.0 Spellcasting
 - Level 2.0 Conjurations
 + Level 5.7 Transmutations
 - Level 2.0 Air Magic
 - Level 10.1 Poison Magic


You had 5 spell levels left.
You knew the following spells:

 Your Spells              Type           Power      Damage    Failure   Level
a - Sting                 Tmut/Pois      100%       1d8       2%          1
b - Mephitic Cloud        Conj/Pois/Air  19%        N/A       30%         3
c - Olgreb's Toxic Radia  Pois           39%        N/A       11%         4
d - Spider Form           Tmut/Pois      31%        N/A       8%          3

Your spell library contained the following spells:

 Spells                   Type           Power      Damage    Failure   Level
 Poisonous Vapours        Pois/Air       48%        N/A       9%          2
 Static Discharge         Conj/Air       9%         N/A       41%         2
 Ensorcelled Hibernation  Hex/Ice        4%         N/A       71%         2
 Sticky Flame             Conj/Fire      6%         2d3       99%         4
 Anguish                  Hex/Necr       1%         N/A       100%        4
 Dispel Undead            Necr           2%         3d7       100%        4


Dungeon Overview and Level Annotations

Branches:
Dungeon (9/15)             Temple (1/1) D:5            Lair (0/6) D:8
  Sewer (visited)
    Orc: D:9-12

Altars:
Ashenzari
Cheibriados
Dithmenos
Elyvilon
Fedhas
Hepliaklqana
Okawaru
Qazlal
Trog
Wu Jian
Xom
Yredelemnul
The Shining One

Shops:
D:1 (   D:7 [   D:9 :(


Innate Abilities, Weirdness & Mutations

Your life essence is reduced to manifest your ancestor. (-10% HP)
Your serpentine skin is tough. (AC +3)
You have supernaturally acute eyesight. (SInv)
Armour fits poorly on your strangely shaped body.
Your system is resistant to poisons. (rPois)
You cover ground very slowly.
You can exhale a cloud of poison.
You have a snake-like lower body.
You possess an exceptional clarity of mind.


Message History

You exhale a blast of poison gas.
The poison gas hits the acid dragon.
The acid dragon is severely wounded.
The acid dragon bites you but does no damage.
The acid dragon closely misses you.
You are too injured to fight recklessly!
You feel better. The acid dragon barely misses you.
The acid dragon claws you but does no damage.
The acid dragon barely misses you. The acid dragon claws you.
Okay, then.
Unknown command.
Press: ? - help, v - describe, . - travel
Here: an acid dragon (poison gas, severely wounded)
The floor.
You hit the acid dragon.
The acid dragon is severely wounded.
The acid dragon closely misses you. x2
You hit the acid dragon.
The acid dragon is severely wounded.
The acid dragon closely misses you. x2
The acid dragon spits acid at you. The splash of acid hits you!!
* * * LOW HITPOINT WARNING * * *
You hit the acid dragon.
The acid dragon is almost dead.
The acid dragon barely misses you. The acid dragon completely misses you.
The acid dragon bites you.
* * * LOW HITPOINT WARNING * * *
The acid dragon claws you but does no damage.
You hit the acid dragon but do no damage.
The acid dragon is almost dead.
The acid dragon bites you.
* * * LOW HITPOINT WARNING * * *
The acid dragon claws you but does no damage.
You barely miss the acid dragon.
The acid dragon is almost dead.
You have got your breath back.
You are no longer corroded.
The acid dragon bites you but does no damage.
The acid dragon barely misses you. The acid dragon bites you!
You die...

#.........#
#.........# #
#######.#.#### ..
#......# ..D
##.....# ### ....
#.....## ##.# .....
#.###.## #..###
......####.###..#
#..##.
........D@..#######
#....#
......)#####.#
##.###...## .?....#
#!# #.#R.#...##
......
#.###R##......#
.....
#.##.#.#.......
.>...
##.##.##...§...
.... #.#..##...§...
.... ##..###.......
#####........


You could see an acid dragon.

Vanquished Creatures
  Harold (D:8)
  Erica (D:9)
  Pikel (D:8)
  Psyche (D:9)
  Grinder (D:4)
  A hornet (D:9)
  Prince Ribbit (D:7)
  2 wraiths (D:9)
  Sigmund (D:5)
  3 yaks (D:9)
  2 wyverns (D:9)
  5 humans (D:9)
  A water moccasin (D:6)
  Duvessa (D:7)
  3 orc warriors
  Pargi (Sewer)
  2 black bears
  2 ogres
  2 centaurs (D:7)
  A lemure (D:8)
  A bullfrog (D:7)
  A kobold brigand (D:6)
  A gnoll sergeant (D:8)
  A scorpion (D:7)
  Dowan (D:7)
  2 wyvern skeletons (D:7)
  A water moccasin skeleton (D:6)
  12 wights
  3 howler monkeys
  A bullfrog zombie (D:5)
  2 crimson imps (D:8)
  6 hounds
  7 orc priests
  Ijyb (D:3)
  Terence (D:2)
  6 orc wizards
  A hound skeleton (D:4)
  12 gnolls
  9 adders
  2 shadow imps
  A white imp (D:4)
  An ufetubus (D:5)
  3 worms
  6 dart slugs
  22 orcs
  3 ball pythons
  An endoplasm (D:2)
  7 giant cockroaches
  8 goblins
  9 hobgoblins
  14 jackals
  4 quokkas
  4 bats (D:1)
  4 frilled lizards
  11 kobolds
  7 rats
209 creatures vanquished.

Vanquished Creatures (collateral kills)
  3 yaks (D:9)
  An orc warrior (D:7)
  A bullfrog (D:8)
  2 howler monkeys (D:9)
  2 crimson imps (D:8)
  2 gnoll shamans (D:8)
  An orc wizard (D:7)
  2 gnolls (D:8)
  An orc (D:7)
15 creatures vanquished.

Vanquished Creatures (others)
  A human (D:9)
  A knight (D:9)
  3 ancestors
  A ball python (D:4)
  A fungus (D:1)
  2 plants
9 creatures vanquished.

Grand Total: 233 creatures vanquished

Notes
Turn   | Place    | Note
-------+----------+-------------------------------------------
     0 | D:1      | Rsteiner the Naga Venom Mage began the quest for the Orb.
     0 | D:1      | Reached XP level 1. HP: 15/15 MP: 3/3
   357 | D:1      | Reached XP level 2. HP: 22/22 MP: 5/5
   824 | D:1      | Reached XP level 3. HP: 28/28 MP: 6/6
   828 | D:1      | Learned a level 3 spell: Mephitic Cloud
  1046 | D:1      | Found Wuapn's Weapon Boutique.
  1054 | D:1      | Bought a +0 quarterstaff for 48 gold pieces
  1251 | D:1      | Found a faded altar of an unknown god.
  1330 | D:2      | Reached skill level 5 in Poison Magic
  1341 | D:2      | Noticed Terence
  1351 | D:2      | Killed Terence
  1352 | D:2      | Reached XP level 4. HP: 36/36 MP: 4/8
  1401 | D:2      | Learned a level 4 spell: Olgreb's Toxic Radiance
  1480 | D:2      | Reached skill level 6 in Poison Magic
  1870 | D:2      | Reached XP level 5. HP: 41/42 MP: 9/9
  2307 | D:3      | Noticed Ijyb
  2311 | D:3      | Reached skill level 7 in Poison Magic
  2317 | D:3      | Killed Ijyb
  2545 | D:3      | Found a glowing drain.
  2553 | Sewer    | Entered a sewer
  2673 | Sewer    | Noticed Pargi
  2685 | Sewer    | Killed Pargi
  2686 | Sewer    | Reached skill level 8 in Poison Magic
  2686 | Sewer    | Reached XP level 6. HP: 22/49 MP: 1/10
  2875 | Sewer    | Learned a level 3 spell: Spider Form
  3378 | D:4      | Noticed Grinder
  3380 | D:4      | Gained mutation: You are frail. (-10% HP) [potion of
                  | mutation]
  3380 | D:4      | Gained mutation: You are agile. (Dex +2) [potion of
                  | mutation]
  3401 | D:4      | Paralysed by Grinder for 6 turns
  3414 | D:4      | Killed Grinder
  3415 | D:4      | Reached skill level 10 in Poison Magic
  3415 | D:4      | Reached XP level 7. HP: 38/49 MP: 10/11
  3463 | D:4      | Reached skill level 1 in Fighting
  3705 | D:4      | Found a stormy altar of Qazlal.
  3949 | D:4      | Identified the +5 short sword "Deso" {vorpal, rPois rCorr
                  | Stlth+}
  4166 | D:5      | Entered Level 5 of the Dungeon
  4279 | D:5      | Noticed Sigmund
  4294 | D:5      | Killed Sigmund
  4295 | D:5      | Reached XP level 8. HP: 49/61 MP: 5/12
  4701 | D:5      | Found a staircase to the Ecumenical Temple.
  4710 | Temple   | Entered the Ecumenical Temple
  4747 | Temple   | Became a worshipper of Hepliaklqana the Forgotten
  6148 | D:6      | Found an iron altar of Okawaru.
  6171 | D:6      | Reached skill level 5 in Fighting
  6171 | D:6      | Reached skill level 1 in Conjurations
  6171 | D:6      | Reached skill level 1 in Air Magic
  6452 | D:6      | Reached * piety under Hepliaklqana
  6876 | D:7      | Noticed Prince Ribbit
  6882 | D:7      | Killed Prince Ribbit
  6883 | D:7      | Reached XP level 9. HP: 52/64 MP: 7/13
  7012 | D:7      | Found Racwuw's Armour Shoppe.
  7076 | D:7      | Noticed Duvessa
  7076 | D:7      | Noticed Dowan
  7083 | D:7      | Killed Duvessa
  7084 | D:7      | Reached skill level 5 in Dodging
  7084 | D:7      | Killed Dowan
  8280 | D:8      | Found a staircase to the Lair.
  8296 | D:8      | Reached skill level 1 in Armour
  8459 | D:8      | Found a shimmering altar of Xom.
  8500 | D:8      | You fall into a shaft and drop 1 floor!
  8535 | D:9      | Noticed a hornet
  8541 | D:9      | Killed a hornet
  8542 | D:9      | Reached XP level 10. HP: 75/75 MP: 14/14
  8593 | D:9      | Reached ** piety under Hepliaklqana
  8668 | D:9      | Noticed Erica
  8686 | D:9      | Killed Erica
  8899 | D:9      | Found Danaafier's Book Emporium.
  9062 | D:9      | Noticed Psyche
  9079 | D:9      | Killed Psyche
  9292 | D:8      | Found a white marble altar of Elyvilon.
  9380 | D:8      | Found a glowing golden altar of the Shining One.
  9396 | D:8      | Noticed Pikel
  9402 | D:8      | Killed Pikel
  9417 | D:8      | Lost mutation: You are frail. (-10% HP) [potion of
                  | mutation]
  9417 | D:8      | Lost mutation: You are agile. (Dex +2) [potion of mutation]
  9417 | D:8      | Gained mutation: You can exhale a cloud of poison. [potion
                  | of mutation]
  9417 | D:8      | Gained mutation: You possess an exceptional clarity of
                  | mind. [potion of mutation]
  9418 | D:8      | Remembered your ancestor Thabo as a knight
  9699 | D:8      | Reached skill level 5 in Transmutations
  9699 | D:8      | Reached XP level 11. HP: 93/93 MP: 15/15
 10093 | D:8      | Noticed Harold
 10107 | D:8      | Killed Harold
 10147 | D:8      | Noticed a centaur warrior
 10149 | D:8      | Noticed a centaur warrior
 10285 | D:9      | Found Lirchahu's Antique Weapon Boutique.
 10709 | D:9      | HP: 3/95 [acid dragon (5)]
 10711 | D:9      | Slain by an acid dragon

Illustrated notes

Levels and vault maps discovered:
D:1:      eino_arrival_cavern_b, layout_basic,
          shapermc_ecumenical_altar_mp_urbaneastern, serial_shops,
          nicolae_shop_hallway_stairs
D:2:      layout_loops_ring, fountainhead, chequers_serial_rivers_micro_a,
          minmay_split_cup_large, uniq_terence
D:3:      layout_loops_ring, cheibrodos_sewer_entry_drain, uniq_ijyb
D:4:      layout_loops_ring, grunt_qazlal_clouds, minmay_fountain_box,
          item_on_display_a, uniq_grinder
D:5:      layout_basic, minmay_temple_entry_statues_fountains, uniq_sigmund
D:6:      layout_basic, okawaru_gym_becter
D:7:      layout_rooms, serial_shops, nicolae_stop_n_shop_1,
          uniq_prince_ribbit1, uniq_duvessa
D:8:      layout_basic, led_xom_imps, elyvilon_altar_1,
          mainiacjoe_overflow_catwalk, dpeg_oklobed_lair,
          onia_ninara_dug_in_and_dangerous, uniq_pikel, uniq_harold
D:9:      erik_cavepeople, layout_rooms, gammafunk_temple_overflow_statue,
          serial_shops, nicolae_stop_n_shop_1, nicolae_diamond_shop,
          minmay_misc_feat_x, uniq_erica
Temple:   jpeg_temple_clearing

Skill      XL: |  1  2  3  4  5  6  7  8  9 10 11 |
---------------+----------------------------------+-----
Poison Magic   | 5 6 8 10 | 10.1
Spellcasting   | 3 |  3.0
Fighting       | 2 5 7 8 9 |  9.0
Dodging        | 3 4 6 7 8 |  8.0
Conjurations   | 2 |  2.0
Air Magic      | 2 |  2.0
Transmutations | 2 5 |  5.7
Armour         | 1 3 4 |  4.5
Stealth        | |  3.0

Action                   |  1- 3 |  4- 6 |  7- 9 | 10-12 || total
-------------------------+-------+-------+-------+-------++-------
Melee: Unarmed           |     5 |       |       |     6 ||    11
       Whip              |     3 |    48 |    17 |       ||    68
       Quarterstaff      |     6 |       |       |       ||     6
       Punch             |       |     1 |     1 |     3 ||     5
       Short sword       |       |       |    47 |       ||    47
       Spear             |       |       |    41 |   106 ||   147
Throw: Stone             |     2 |       |       |       ||     2
 Cast: Sting             |    21 |    37 |    22 |     1 ||    81
       Olgreb's Toxic Ra |       |    13 |    40 |    31 ||    84
       Mephitic Cloud    |       |       |    17 |     7 ||    24
Invok: Ancestor Life: Kn |       |       |       |     1 ||     1
 Abil: Spit Poison       |    22 |    30 |    21 |     5 ||    78
       Breathe Poison Ga |       |       |       |     4 ||     4
Evoke: Wand              |       |       |    19 |    16 ||    35
  Use: Potion            |     3 |     4 |       |     6 ||    13
       Scroll            |     2 |     3 |    10 |     1 ||    16
 Stab: Sleeping          |     1 |     1 |     1 |       ||     3
       Confused          |       |       |       |     2 ||     2
Armor: Skin              |     7 |       |       |     1 ||     8
       Robe              |     3 |    16 |    31 |    13 ||    63
       Scale mail        |       |       |       |    33 ||    33
Dodge: Dodged            |     6 |    33 |    63 |    50 ||   152
